| TOP OF THE 1ST |
|
Niagara Falls Rapids batting - Pitching for Summit Red Dragons : RHP Robert Slezak
|
|
Pitching: RHP Robert Slezak
|
|
|
Batting: RHB Jeffrey Whelan
|
0-0: Called Strike 0-1: Ball 1-1: Foul Ball, location: 2F 1-2: Strikes out swinging
|
|
Batting: RHB Luis Hidalgo
|
0-0: Ground out 6-3 (Groundball, 6M, EV 90.0 MPH)
|
|
Batting: SHB Cecil Espy
|
0-0: Foul Ball, location: 2F 0-1: Foul Ball, location: 2F 0-2: Ball 1-2: Ball 2-2: Foul Ball, location: 2F 2-2: Strikes out swinging
|
| Top of the 1st over - 0 runs, 0 hits, 0 errors, 0 left on base; Niagara Falls 0 - Summit 0 |
| BOTTOM OF THE 1ST |
|
Summit Red Dragons batting - Pitching for Niagara Falls Rapids : RHP Edwin Retzer
|
|
Pitching: RHP Edwin Retzer
|
|
|
Batting: RHB Dana Williams
|
0-0: Called Strike 0-1: Ball 1-1: Ball 2-1: Ball 3-1: Ground out 4-3 (Groundball, 4S, EV 67.5 MPH)
|
|
Batting: LHB Dion Lowe
|
0-0: Ball 1-0: Called Strike 1-1: Ball 2-1: Ball 3-1: Swinging Strike 3-2: Strikes out swinging
|
|
Batting: SHB Mark T McLemore
|
0-0: Ball 1-0: Fly out, F8 (Line Drive, 8RM, EV 99.4 MPH)
|
| Bottom of the 1st over - 0 runs, 0 hits, 0 errors, 0 left on base; Niagara Falls 0 - Summit 0 |
| TOP OF THE 2ND |
|
Niagara Falls Rapids batting - Pitching for Summit Red Dragons : RHP Robert Slezak
|
|
Batting: LHB Pat Hodge
|
0-0: Ball 1-0: Called Strike 1-1: Foul Ball, location: 2F 1-2: Ball 2-2: Ball 3-2: SOLO HOME RUN (Flyball, 89XD, EV 106.9 MPH), Distance : 416 ft
|
|
Batting: RHB Milo Choate
|
0-0: Ball 1-0: Foul Ball, location: 2F 1-1: Ground out 6-3 (Groundball, 6, EV 101.3 MPH)
|
|
Batting: LHB Joe Vavra
|
0-0: Swinging Strike 0-1: Swinging Strike 0-2: Foul Ball, location: 2F 0-2: Ball 1-2: Ground out 6-3 (Groundball, 6M, EV 103.8 MPH)
|
|
Batting: LHB Michael Jones
|
0-0: Ball 1-0: Ball 2-0: Called Strike 2-1: Called Strike 2-2: Ball 3-2: Base on Balls
|
|
Batting: LHB Billy Bowen
|
0-0: Ball 1-0: Ball 2-0: Ball 3-0: Base on Balls Michael Jones to second
|
|
Batting: RHB Frank DeSantis
|
0-0: Called Strike 0-1: Ball 1-1: Swinging Strike 1-2: Foul Ball, location: 2F 1-2: Ball 2-2: Foul Ball, location: 2F 2-2: Ball 3-2: Base on Balls Michael Jones to third Billy Bowen to second
|
|
Batting: RHB Jeffrey Whelan
|
0-0: Ball 1-0: Ball 2-0: Called Strike 2-1: Swinging Strike 2-2: Foul Ball, location: 2F 2-2: Fielders Choice at 2nd, U4 (Groundball, 4M, EV 87.5 MPH)
|
| Top of the 2nd over - 1 run, 1 hit, 0 errors, 3 left on base; Niagara Falls 1 - Summit 0 |
| BOTTOM OF THE 2ND |
|
Summit Red Dragons batting - Pitching for Niagara Falls Rapids : RHP Edwin Retzer
|
|
Batting: RHB Kash Beauchamp
|
0-0: Ball 1-0: Called Strike 1-1: Ground out 6-3 (Groundball, 6, EV 91.3 MPH)
|
|
Batting: LHB Tony Medina
|
0-0: Ball 1-0: Ball 2-0: Swinging Strike 2-1: Ground out 4-3 (Groundball, 4, EV 86.3 MPH)
|
|
Batting: RHB James Stassi
|
0-0: Called Strike 0-1: Ball 1-1: DOUBLE (Line Drive, 89XD, EV 101.9 MPH)
|
|
Batting: RHB Glenn Swires
|
0-0: Fly out, F9 (Line Drive, 9, EV 101.3 MPH)
|
| Bottom of the 2nd over - 0 runs, 1 hit, 0 errors, 1 left on base; Niagara Falls 1 - Summit 0 |
| TOP OF THE 3RD |
|
Niagara Falls Rapids batting - Pitching for Summit Red Dragons : RHP Robert Slezak
|
|
Batting: RHB Luis Hidalgo
|
0-0: Called Strike 0-1: Ball 1-1: Foul Ball, location: 2F 1-2: Ball 2-2: Ball 3-2: Base on Balls
|
|
Batting: SHB Cecil Espy
|
0-0: Foul Ball, location: 2F 0-1: Fly out, F9 (Flyball, 9, EV 86.3 MPH)
|
|
Batting: LHB Pat Hodge
|
0-0: Ball 1-0: Ball 2-0: Ball 3-0: Base on Balls Luis Hidalgo to second
|
|
Batting: RHB Milo Choate
|
0-0: Called Strike 0-1: Foul Ball, location: 2F 0-2: Ball 1-2: Ball 2-2: Fly out, F9 (Flyball, 9LD, EV 81.9 MPH) Runner from 2nd tags up, SAFE at 3rd, no throw by RF
|
|
Batting: LHB Joe Vavra
|
0-0: Called Strike 0-1: Ball 1-1: Fly out, F8 (Line Drive, 8LD, EV 91.3 MPH)
|
| Top of the 3rd over - 0 runs, 0 hits, 0 errors, 2 left on base; Niagara Falls 1 - Summit 0 |
| BOTTOM OF THE 3RD |
|
Summit Red Dragons batting - Pitching for Niagara Falls Rapids : RHP Edwin Retzer
|
|
Batting: LHB Greg Monda
|
0-0: Ball 1-0: Ball 2-0: Ball 3-0: Called Strike 3-1: Called Strike 3-2: SINGLE (Flyball, 3D, EV 92.5 MPH)
|
|
Batting: RHB Kenneth Gordon
|
0-0: Swinging Strike 0-1: Foul Ball, location: 2F 0-2: Ball 1-2: Ball 2-2: DOUBLE (Line Drive, 78D, EV 106.9 MPH) Greg Monda to third Runner from 3rd tries for Home, SAFE, throw by LF to home
|
|
Batting: RHB Dana Williams
|
0-0: Ball 1-0: Called Strike 1-1: Ball 2-1: Called Strike 2-2: SINGLE (Flyball, 7S, EV 85.6 MPH) Kenneth Gordon to third
|
|
Batting: LHB Dion Lowe
|
0-0: Called Strike 0-1: Fly out, F8 (Line Drive, 8LM, EV 91.3 MPH) Runner from 3rd tags up, SCORES, no throw by CF
|
|
Batting: SHB Mark T McLemore
|
0-0: Ball 1-0: Called Strike 1-1: Foul Ball, location: 2F 1-2: Foul Ball, location: 2F 1-2: Ball 2-2: Ball 3-2: Foul Ball, location: 2F 3-2: SINGLE (Line Drive, 89S, EV 100.0 MPH) Dana Williams to second Dana Williams to third
|
|
Batting: RHB Kash Beauchamp
|
0-0: Ball Mark T McLemore is caught stealing 2nd base 2-4 1-0: Foul Ball, location: 2F 1-1: Ball 2-1: Foul Ball, location: 2F 2-2: Ball 3-2: Fly out, F8 (Flyball, 89XD, EV 101.9 MPH)
|
| Bottom of the 3rd over - 2 runs, 4 hits, 0 errors, 1 left on base; Niagara Falls 1 - Summit 2 |
| TOP OF THE 4TH |
|
Niagara Falls Rapids batting - Pitching for Summit Red Dragons : RHP Robert Slezak
|
|
Batting: LHB Michael Jones
|
0-0: Called Strike 0-1: Called Strike 0-2: Ball 1-2: Foul Ball, location: 2F 1-2: Strikes out swinging
|
|
Batting: LHB Billy Bowen
|
0-0: Ball 1-0: Foul Ball, location: 2F 1-1: Ball 2-1: Swinging Strike 2-2: Foul Ball, location: 2F 2-2: Strikes out swinging
|
|
Batting: RHB Frank DeSantis
|
0-0: Called Strike 0-1: Ball 1-1: Ball 2-1: Ball 3-1: Ground out 6-3 (Groundball, 6, EV 101.3 MPH)
|
| Top of the 4th over - 0 runs, 0 hits, 0 errors, 0 left on base; Niagara Falls 1 - Summit 2 |
| BOTTOM OF THE 4TH |
|
Summit Red Dragons batting - Pitching for Niagara Falls Rapids : RHP Edwin Retzer
|
|
Batting: LHB Tony Medina
|
0-0: Foul Ball, location: 2F 0-1: Ball 1-1: SOLO HOME RUN (Flyball, 9D, EV 102.5 MPH), Distance : 374 ft
|
|
Batting: RHB James Stassi
|
0-0: Ball 1-0: Ball 2-0: Called Strike 2-1: Called Strike 2-2: Foul Ball, location: 2F 2-2: Ground out 6-3 (Groundball, 6, EV 83.1 MPH)
|
|
Batting: RHB Glenn Swires
|
0-0: Ball 1-0: Fly out, F3 (Popup, 3SF, EV 68.8 MPH)
|
|
Batting: LHB Greg Monda
|
0-0: Foul Ball, location: 2F 0-1: SINGLE (Groundball, 4MD, EV 105.6 MPH)
|
|
Batting: RHB Kenneth Gordon
|
0-0: Foul Ball, location: 2F 0-1: Swinging Strike 0-2: Ball 1-2: Strikes out looking
|
| Bottom of the 4th over - 1 run, 2 hits, 0 errors, 1 left on base; Niagara Falls 1 - Summit 3 |
| TOP OF THE 5TH |
|
Niagara Falls Rapids batting - Pitching for Summit Red Dragons : RHP Robert Slezak
|
|
Batting: RHB Jeffrey Whelan
|
0-0: Ball 1-0: Swinging Strike 1-1: SINGLE (Flyball, 8RS, EV 91.9 MPH)
|
|
Batting: RHB Luis Hidalgo
|
0-0: Bunted foul 0-1: Ball 1-1: Ball 2-1: Bunted foul 2-2: Foul Ball, location: 2F 2-2: Ball 3-2: Fly out, F9 (Flyball, 9LD, EV 108.1 MPH)
|
|
Batting: SHB Cecil Espy
|
0-0: Ball 1-0: Ball 2-0: Ball 3-0: Called Strike 3-1: Base on Balls Jeffrey Whelan to second
|
|
Batting: LHB Pat Hodge
|
0-0: Foul Ball, location: 2F 0-1: Ball 1-1: Ball 2-1: Fly out, F7 (Flyball, 7LM, EV 86.9 MPH)
|
|
Batting: RHB Milo Choate
|
0-0: Foul Ball, location: 2F 0-1: Ball 1-1: Foul Ball, location: 2F 1-2: Ball 2-2: Ball 3-2: Fly out, F8 (Flyball, 8RS, EV 89.4 MPH)
|
| Top of the 5th over - 0 runs, 1 hit, 0 errors, 2 left on base; Niagara Falls 1 - Summit 3 |
| BOTTOM OF THE 5TH |
|
Summit Red Dragons batting - Pitching for Niagara Falls Rapids : RHP Edwin Retzer
|
|
Batting: RHB Dana Williams
|
0-0: Called Strike 0-1: Ball 1-1: Called Strike 1-2: Fly out, F9 (Flyball, 9S, EV 92.5 MPH)
|
|
Batting: LHB Dion Lowe
|
0-0: Ground out 5-3 (Groundball, 56, EV 101.9 MPH)
|
|
Batting: SHB Mark T McLemore
|
0-0: Called Strike 0-1: Fly out, F9 (Flyball, 89D, EV 80.0 MPH)
|
| Bottom of the 5th over - 0 runs, 0 hits, 0 errors, 0 left on base; Niagara Falls 1 - Summit 3 |
| TOP OF THE 6TH |
|
Niagara Falls Rapids batting - Pitching for Summit Red Dragons : RHP Robert Slezak
|
|
Batting: LHB Joe Vavra
|
0-0: Ball 1-0: Ball 2-0: Ball 3-0: Called Strike 3-1: Ground out 4-3 (Groundball, 34, EV 96.3 MPH)
|
|
Batting: LHB Michael Jones
|
0-0: Ball 1-0: Ball 2-0: Ball 3-0: Base on Balls
|
|
Batting: LHB Billy Bowen
|
0-0: Called Strike 0-1: Ball 1-1: Called Strike 1-2: Ball 2-2: Strikes out swinging
|
|
Batting: RHB Frank DeSantis
|
0-0: Ball 1-0: Ball 2-0: Called Strike 2-1: Ball 3-1: Called Strike 3-2: Foul Ball, location: 2F 3-2: Foul Ball, location: 2F 3-2: Strikes out swinging
|
| Top of the 6th over - 0 runs, 0 hits, 0 errors, 1 left on base; Niagara Falls 1 - Summit 3 |
| BOTTOM OF THE 6TH |
|
Summit Red Dragons batting - Pitching for Niagara Falls Rapids : RHP Edwin Retzer
|
|
Batting: RHB Kash Beauchamp
|
0-0: Foul Ball, location: 2F 0-1: Foul Ball, location: 2F 0-2: Ball 1-2: Ball 2-2: DOUBLE (Line Drive, 78XD, EV 110.0 MPH)
|
|
Batting: LHB Tony Medina
|
0-0: Ball 1-0: DOUBLE (Line Drive, 5D, EV 104.4 MPH) Kash Beauchamp scores
|
|
Pinch Runner at 2nd Brian McGan:
|
|
|
Batting: RHB James Stassi
|
0-0: Intentional Walk
|
|
Batting: RHB Glenn Swires
|
0-0: Ball 1-0: Called Strike 1-1: Ball 2-1: Foul Ball, location: 2F 2-2: Foul Ball, location: 2F 2-2: Strikes out looking
|
|
Batting: LHB Greg Monda
|
0-0: Called Strike 0-1: Foul Ball, location: 2F 0-2: Ball 1-2: Ball 2-2: Ball 3-2: Fly out, F7 (Flyball, 7D, EV 79.4 MPH)
|
|
Batting: RHB Kenneth Gordon
|
0-0: Ball 1-0: Ball 2-0: Fly out, F4 (Flyball, 34D, EV 76.3 MPH)
|
| Bottom of the 6th over - 1 run, 2 hits, 0 errors, 2 left on base; Niagara Falls 1 - Summit 4 |
| TOP OF THE 7TH |
|
Niagara Falls Rapids batting - Pitching for Summit Red Dragons : RHP Robert Slezak
|
|
Now in RF: Virgilio Silverio
|
|
|
Batting: RHB Jeffrey Whelan
|
0-0: Ball 1-0: SINGLE (Groundball, 56, EV 97.5 MPH)
|
|
Batting: RHB Luis Hidalgo
|
0-0: Called Strike 0-1: Ball 1-1: Ball 2-1: Bunt missed! 2-2: Foul Ball, location: 2F 2-2: Ball 3-2: Fielders Choice at 2nd, 5-4 (Groundball, 5, EV 94.4 MPH)
|
|
Batting: SHB Cecil Espy
|
0-0: Called Strike 0-1: Ball 1-1: DOUBLE (Groundball, 3L, EV 103.8 MPH) Luis Hidalgo to third
|
|
Batting: LHB Pat Hodge
|
0-0: Called Strike 0-1: Ball 1-1: Fly out, F8 (Flyball, 8LS, EV 96.9 MPH)
|
|
Batting: RHB Milo Choate
|
0-0: DOUBLE (Flyball, 8LXD, EV 111.3 MPH) Luis Hidalgo scores Cecil Espy scores
|
|
Batting: LHB Joe Vavra
|
0-0: Ball 1-0: Foul Ball, location: 2F 1-1: Foul Ball, location: 2F 1-2: Ground out 6-3 (Groundball, 6, EV 102.5 MPH)
|
| Top of the 7th over - 2 runs, 3 hits, 0 errors, 1 left on base; Niagara Falls 3 - Summit 4 |
| BOTTOM OF THE 7TH |
|
Summit Red Dragons batting - Pitching for Niagara Falls Rapids : RHP Edwin Retzer
|
|
Batting: RHB Dana Williams
|
0-0: Ball 1-0: Ground out U3 (Groundball, 13, EV 82.5 MPH)
|
|
Batting: LHB Dion Lowe
|
0-0: Ball 1-0: SINGLE (Line Drive, 8LS, EV 100.0 MPH)
|
|
Batting: SHB Mark T McLemore
|
0-0: Ball 1-0: Ball 2-0: Called Strike 2-1: Ball 3-1: Base on Balls Dion Lowe to second
|
|
Batting: RHB Kash Beauchamp
|
0-0: Foul Ball, location: 2F 0-1: Called Strike 0-2: Ball 1-2: Ball 2-2: Fly out, F8 (Flyball, 8LM, EV 95.6 MPH)
|
|
Pitching: RHP Bill Clay
|
|
|
Batting: LHB Virgilio Silverio
|
0-0: Ball 1-0: Ball 2-0: Called Strike 2-1: Ball 3-1: Foul Ball, location: 2F 3-2: Ground out 6-3 (Groundball, 6, EV 90.0 MPH)
|
| Bottom of the 7th over - 0 runs, 1 hit, 0 errors, 2 left on base; Niagara Falls 3 - Summit 4 |
| TOP OF THE 8TH |
|
Niagara Falls Rapids batting - Pitching for Summit Red Dragons : RHP Robert Slezak
|
|
Batting: LHB Michael Jones
|
0-0: Ball 1-0: Ball 2-0: Fly out, F6 (Line Drive, 6, EV 61.9 MPH)
|
|
Batting: LHB Billy Bowen
|
0-0: Called Strike 0-1: Called Strike 0-2: Ball 1-2: Foul Ball, location: 2F 1-2: Fly out, F9 (Flyball, 89D, EV 97.5 MPH)
|
|
Batting: RHB Frank DeSantis
|
0-0: Called Strike 0-1: Foul Ball, location: 2F 0-2: Strikes out swinging
|
| Top of the 8th over - 0 runs, 0 hits, 0 errors, 0 left on base; Niagara Falls 3 - Summit 4 |
| BOTTOM OF THE 8TH |
|
Summit Red Dragons batting - Pitching for Niagara Falls Rapids : RHP Bill Clay
|
|
Batting: RHB James Stassi
|
0-0: Ball 1-0: Ball 2-0: Fly out, F3 (Popup, 34S, EV 72.5 MPH)
|
|
Batting: RHB Glenn Swires
|
0-0: Ball 1-0: Swinging Strike 1-1: Ball 2-1: Swinging Strike 2-2: Ball 3-2: Ground out 3-1 (Groundball, 34, EV 98.8 MPH)
|
|
Batting: LHB Greg Monda
|
0-0: Called Strike 0-1: Ball 1-1: DOUBLE (Groundball, 3L, EV 105.0 MPH)
|
|
Batting: RHB Kenneth Gordon
|
0-0: Ball 1-0: DOUBLE (Flyball, 89D, EV 102.5 MPH) Greg Monda scores
|
|
Batting: RHB Dana Williams
|
0-0: Ball 1-0: Ball 2-0: Ball 3-0: Base on Balls
|
|
Batting: LHB Dion Lowe
|
0-0: Ball 1-0: Ball 2-0: Ground out 4-3 (Groundball, 34, EV 80.6 MPH)
|
| Bottom of the 8th over - 1 run, 2 hits, 0 errors, 2 left on base; Niagara Falls 3 - Summit 5 |
| TOP OF THE 9TH |
|
Niagara Falls Rapids batting - Pitching for Summit Red Dragons : RHP Robert Slezak
|
|
Pitching: RHP Tim Meckes
|
|
|
Batting: RHB Jeffrey Whelan
|
0-0: Ball 1-0: Called Strike 1-1: Called Strike 1-2: Ball 2-2: Ball 3-2: Ground out 5-3 (Groundball, 56S, EV 79.4 MPH)
|
|
Batting: RHB Luis Hidalgo
|
0-0: Swinging Strike 0-1: Foul Ball, location: 2F 0-2: Strikes out swinging
|
|
Batting: SHB Cecil Espy
|
0-0: Swinging Strike 0-1: Ball 1-1: Ball 2-1: Ball 3-1: Foul Ball, location: 2F 3-2: Strikes out swinging
|
| Top of the 9th over - 0 runs, 0 hits, 0 errors, 0 left on base; Niagara Falls 3 - Summit 5 |
|